 Dungeon Crawl Stone Soup version 0.31-a0-435-g2c6fae2916 (webtiles) character file.

Game seed: 2701814503943622576

46 Maxmaps the Ruffian (level 3, -2/23 HPs)
             Began as an Octopode Shapeshifter on Aug 1, 2023.
             Slain by a gnoll
             ... wielding a +0 halberd
              (9 damage)
             ... on level 2 of the Dungeon.
             The game lasted 00:00:43 (914 turns).

Maxmaps the Ruffian (Octopode Shapeshifter)          Turns: 914, Time: 00:00:43

Health: -2/23      AC:  1    Str: 14    XL:     3   Next: 68%
Magic:  3/3        EV: 13    Int: 12    God:
Gold:   98         SH:  0    Dex: 12    Spells: 2/2 levels left

rFire   . . .        g - +2 short sword (elec)
rCold   . . .        (no shield)
rNeg    . . .        (helmet currently unavailable)
rPois   .            (no amulet)
rElec   .            (no ring)
rCorr   .            (no ring)
SInv    .            (no ring)
Will    .....        (no ring)
Stlth   +++          (no ring)
HPRegen 0.23/turn    (no ring)
MPRegen 0.08/turn    (no ring)
                     (no ring)

%: no passive effects
@: beast-form
A: beast (slay +2), almost no armour, amphibious, 8 rings, camouflage 1,
gelatinous body 1, (nimble swimmer 1), tentacles
a: Begin Untransformation


You were on level 2 of the Dungeon.
You were a hulking beast.
You visited 1 branch of the dungeon, and saw 2 of its levels.

You collected 98 gold pieces.

Inventory:

Hand Weapons
 g - a +2 short sword of electrocution (weapon)
Talismans
 b - a beast talisman (active)
Scrolls
 c - a scroll of enchant weapon {unknown}
 e - a scroll of brand weapon {unknown}
 h - a scroll of identify {unknown}
 k - a scroll of revelation {unknown}
 l - a scroll of poison {unknown}
Potions
 a - a potion of lignification
 d - a potion of ambrosia {unknown}
 f - a potion of might {unknown}
 i - a potion of brilliance {unknown}
 j - a potion of curing {unknown}


   Skills:
 - Level 1.0 Fighting
 + Level 2.7 Short Blades
 - Level 2.0 Dodging
 - Level 2.0 Stealth
 - Level 3.0 Unarmed Combat
 - Level 3.0 Shapeshifting


You had 2 spell levels left.
You didn't know any spells.
Your spell library was empty.

Dungeon Overview and Level Annotations

Branches:
Dungeon (2/15)

Altars:


Innate Abilities, Weirdness & Mutations

You are a hulking beast.
Your limbs bulge with bestial killing power. (Slay +2)
You cannot wear most types of armour.
You are amphibious.
You can wear up to eight rings at the same time.
Your skin changes colour to match your surroundings (Stealth+).
Your rubbery body absorbs attacks. (AC +1, EV +1)
((You are camouflaged when in or above water. (Stealth+)))
You have tentacles for arms and can constrict up to eight enemies at once.


Message History

A gnoll is nearby!
A gnoll is nearby!
A gnoll comes into view. It is wielding a +0 club.
Found 5 stones.
A gnoll comes into view. It is wielding a +0 spear.
The gnoll shouts! x2; You hear an angry hiss.
The gnoll closely misses you.
The gnoll shouts!
You barely miss the gnoll. Your grab misses the gnoll. You squeeze the gnoll.
The gnoll is moderately wounded.
You hit the gnoll. Your grab misses the gnoll.
The gnoll is heavily wounded.
You closely miss the gnoll. You grab the gnoll. You squeeze the gnoll.
The gnoll is severely wounded.
You constrict the gnoll. The gnoll hits you with a +0 halberd!
The gnoll hits you from afar with a +0 spear!
You are too injured to fight recklessly!
You are too injured to fight recklessly!
You are too injured to fight recklessly!
You are too injured to fight recklessly!
You are too injured to fight recklessly!
You are too injured to fight recklessly!
You are too injured to fight recklessly!
You are too injured to fight recklessly!
You are too injured to fight recklessly!
You are too injured to fight recklessly!
You are too injured to fight recklessly!
You are too injured to fight recklessly!
You are too injured to fight recklessly!
You are too injured to fight recklessly!
You are too injured to fight recklessly!
You are too injured to fight recklessly!
You are too injured to fight recklessly!
You are too injured to fight recklessly!
Unknown command.
You are too injured to fight recklessly!
You hit the gnoll.
The gnoll is almost dead.
You constrict the gnoll. The gnoll hits you with a +0 halberd!
You die...

...#.## ..###.#
#####
...#.######...##
...............#
###.#.####...#.####
###.#.# #...#....#
##..#.#
#.##...#.###.#
##.##.#
#......#.....#
##.##.#
#..#.##hg.#..
......#
#...#.....S# ..
.#<####
#.##...#g##...#
.#.# (......#g. ..#
.#.# ..#.# #.. #..
..)# ..#. ...# .
.### . .##. .# . .
. .#


You could see 3 gnolls and an adder.

Vanquished Creatures
  2 adders (D:2)
  2 dart slugs
  2 bats
  3 endoplasms (D:1)
  3 giant cockroaches
  3 hobgoblins (D:1)
  A quokka (D:1)
  2 ball pythons (D:1)
  4 kobolds (D:1)
  2 rats (D:1)
24 creatures vanquished.

Notes
Turn   | Place    | Note
-------+----------+-------------------------------------------
     0 | D:1      | Maxmaps the Octopode Shapeshifter began the quest for the
                  | Orb.
     0 | D:1      | Reached XP level 1. HP: 13/13 MP: 1/1
    44 | D:1      | Reached skill level 1 in Stealth
   131 | D:1      | Reached XP level 2. HP: 18/18 MP: 2/2
   309 | D:1      | Reached skill level 1 in Short Blades
   660 | D:1      | Reached XP level 3. HP: 23/23 MP: 3/3
   914 | D:2      | Slain by a gnoll

Illustrated notes

Levels and vault maps discovered:
D:1:      amcnicky_arrival_abandoned_market, layout_loops_ring, chequers_garden
D:2:      layout_loops_cross, hangedman_decor_points,
          minmay_fractal_squares_gapless_5

Skill      XL: |  1  2  3 |
---------------+----------+-----
Stealth        | 2 |  2.0
Short Blades   | 1 2 |  2.7
Fighting       | |  1.0
Dodging        | |  2.0
Unarmed Combat | |  3.0
Shapeshifting  | |  3.0

Action                     || total
---------------------------++-------
  Melee: Unarmed           ||     7
         Constrict         ||     8
         Tentacles         ||     7
         Short sword       ||    30
   Stab: Sleeping          ||    13
 Armour: Skin              ||     3
  Dodge: Dodged            ||    13

Table legend: (Time is in decaauts)
 A = Elapsed time spent in this place.
 B = Non-inter-level travel time spent in this place.
 C = Inter-level travel time spent in this place.
 D = Time resting spent in this place.
 E = Time spent auto-exploring this place.
 F = Levels seen in this place.
 G = Mean time per level.
                   A        B        C        D        E       F      G
               +--------+--------+--------+--------+--------+-----+--------+
         Total |    910 |    851 |     59 |      0 |    703 |   2 |  455.0 |
       Dungeon |    910 |    851 |     59 |      0 |    703 |   2 |  455.0 |
               +--------+--------+--------+--------+--------+-----+--------+

Top non-repeatable levels by time:
     D:1: 809 daAuts
     D:2: 100 daAuts
